[Event "Early-Titled-Tuesday-Blitz-March-12-2024"]
[Site "Chess.com"]
[Date "2024.03.12"]
[Round "11"]
[White "Veleamater"]
[Black "GilbertoHernandezAmura"]
[Result "1-0"]
[WhiteElo "2324"]
[BlackElo "2436"]
[TimeControl "180+1"]
[EndTime "10:02:19 PDT"]
[Termination "Veleamater won by resignation"]

1. g3 Nf6 2. Bg2 g6 3. d3 Bg7 4. Nf3 d6 5. O-O h5 6. Nc3 Bg4 7. h3 Bd7 8. e4 Qc8 9. Ng5 h4 10. g4 e5 11. f4 Nxg4 12. Nxf7 Kxf7 13. fxe5+ Ke8 14. hxg4 Bxg4 15. Bf3 Bh3 16. exd6 Bxf1 17. Qxf1 Bd4+ 18. Kh1 cxd6 19. Qg2 Qe6 20. Nd5 h3 21. Qd2 Na6 22. Qg5 Kd7 23. Bg4 Raf8 24. Be3 Bxe3 25. Bxe6+ Kxe6 26. Qxg6+ Kd7 27. Nxe3 Nc5 28. b4 Ne6 29. Qg4 Rfg8 30. Qf3 Rf8 31. Nf5 h2 32. Qg3 Nc7 33. Qxd6+ Kc8 34. Rf1 Kb8 35. Rf2 Rf7 36.
Rxh2 1-0

[Event "Early-Titled-Tuesday-Blitz-March-12-2024"]
[Site "Chess.com"]
[Date "2024.03.12"]
[Round "11"]
[White "NikitaShnadrygin"]
[Black "bazar-wokzal"]
[Result "1-0"]
[WhiteElo "2666"]
[BlackElo "2555"]
[TimeControl "180+1"]
[EndTime "10:02:22 PDT"]
[Termination "NikitaShnadrygin won by resignation"]

1. Nf3 c5 2. g3 Nc6 3. d4 cxd4 4. Nxd4 Qa5+ 5. Nc3 Nf6 6. Bg2 e6 7. O-O a6 8. e4 Qh5 9. Qxh5 Nxh5 10. Nxc6 dxc6 11.
e5 g6 12. Ne4 Be7 13. g4 Ng7 14. Bh6 Kf8 15. Nf6 a5 16. Rfd1 a4 17. Rd3 Ra5 18.
f4 g5 19. Rad1 Rd5 20. Bxd5 exd5 21. f5 1-0

[Event "Early-Titled-Tuesday-Blitz-March-12-2024"]
[Site "Chess.com"]
[Date "2024.03.12"]
[Round "11"]
[White "Cryptinz"]
[Black "Maxfan2008"]
[Result "1-0"]
[WhiteElo "2529"]
[BlackElo "2604"]
[TimeControl "180+1"]
[EndTime "10:02:26 PDT"]
[Termination "Cryptinz won by resignation"]

1. e4 c5 2. Nf3 d6 3. d4 cxd4 4. Nxd4 Nf6 5. Nc3 a6 6. Bg5 e6 7.
Qd2 Be7 8. O-O-O b5 9. a3 Bb7 10. Bd3 Nbd7 11. f4 Rc8 12. Kb1 Nb6 13. e5 Nfd5 14.
Nxd5 Bxd5 15. Bxe7 Qxe7 16. Qa5 dxe5 17. Nxb5 O-O 18. Qxb6 axb5 19. fxe5 Rb8 20. Qd6 Qxd6 21. exd6 Rfd8 22. Rhe1 Rb6 23. Be4 Rbxd6 24. Bxd5 Rxd5 25. Rxd5 Rxd5 26. c4 bxc4 27. Rc1 g5 28. Rxc4 Rd2 29. Rc2 Rd1+ 30. Ka2 f5 31. b4 e5 32. b5 Rd6 33. a4 e4 34. Rb2 e3 35. b6 Rd2 36.
b7 Rxb2+ 37. Kxb2 e2 38. b8=Q+ Kg7 39. Qe5+ Kg8 40. Qxe2 1-0

[Event "Early-Titled-Tuesday-Blitz-March-12-2024"]
[Site "Chess.com"]
[Date "2024.03.12"]
[Round "11"]
[White "manitodeplomo"]
[Black "ValeriyGrinev"]
[Result "0-1"]
[WhiteElo "2699"]
[BlackElo "2590"]
[TimeControl "180+1"]
[EndTime "10:02:28 PDT"]
[Termination "ValeriyGrinev won by resignation"]

1. d4 d5 2. c4 e6 3. Nf3 Nf6 4. Nc3 a6 5. e3 b6 6. Bd2 Bb7 7. Rc1 Bd6 8. Bd3 dxc4 9. Bxc4 O-O 10. O-O Nbd7 11. Qe2 c5 12. Rfd1 cxd4 13. exd4 b5 14. Bd3 Nb6 15. Bg5 Be7 16. Bb1 Nbd5 17. Ne5 Rc8 18.
h4 h6 19. Bd2 Nxc3 20. Bxc3 Nd5 21. Qd3 f5 22. Ng6 Re8 23. Nxe7+ Qxe7 24. Qg3 Nxc3 25. bxc3 Qa3 26. Re1 Bd5 27. h5 Rf8 28. Qe3 Qe7 29. Qg3 Qf7 30. Qh4 Rc6 31. Re3 Rfc8 32. Kh2 b4 33. Qh3 bxc3 34. Rexc3 Qc7+ 35. Qg3 Rxc3 36. Rxc3 Qxc3 37. Qe5 0-1

[Event "Early-Titled-Tuesday-Blitz-March-12-2024"]
[Site "Chess.com"]
[Date "2024.03.12"]
[Round "11"]
[White "Casper"]
[Black "Cheer_Down"]
[Result "0-1"]
[WhiteElo "2484"]
[BlackElo "2437"]
[TimeControl "180+1"]
[EndTime "10:02:28 PDT"]
[Termination "Cheer_Down won by resignation"]

1. e4 e5 2. d4 exd4 3. Qxd4 Nc6 4. Qe3 Nf6 5. Nc3 Bb4 6. Bd2 O-O 7. O-O-O Re8 8.
Bc4 d6 9. Nf3 Be6 10. Bxe6 Rxe6 11. Ng5 Re5 12. f3 Qe8 13. Qd3 Bxc3 14. Qxc3 Rc5 15. Qb3 Nd4 16. Qd3 Rxc2+ 17. Kb1 c5 18.
Rhg1 Nd7 19. Bc3 Ne5 20. Qf1 Rxc3 21. bxc3 Nb5 22. Kb2 c4 23. Rd5 Qc6 24. a4 Nc7 25.
Rd1 Qxa4 26. Kc1 Nb5 27. Kd2 Qa2+ 28. Ke3 Nxc3 29. Rxd6 Qa3 30. Kf4 Qxd6 31. Kf5 g6+ 0-1

[Event "Early-Titled-Tuesday-Blitz-March-12-2024"]
[Site "Chess.com"]
[Date "2024.03.12"]
[Round "11"]
[White "enriquebutti"]
[Black "rhwr"]
[Result "1/2-1/2"]
[WhiteElo "2222"]
[BlackElo "2298"]
[TimeControl "180+1"]
[EndTime "10:02:29 PDT"]
[Termination "Game drawn - insufficient material"]

1. d4 Nf6 2. Nf3 g6 3. c4 Bg7 4. Nc3 O-O 5. Bg5 d6 6. e3 Nbd7 7. Be2 c5 8. O-O cxd4 9. Nxd4 a6 10. Rc1 h6 11. Bh4 Qa5 12. Qd2 Nc5 13. Rfd1 Ne6 14. Bxf6 Bxf6 15. Nd5 Qxd2 16. Nxf6+ exf6 17. Rxd2 Nc5 18. Bf3 f5 19. b4 Ne4 20. Bxe4 fxe4 21. Nb3 Rd8 22. c5 d5 23. Nd4 Be6 24. c6 bxc6 25.
Rxc6 Rdc8 26. Rdc2 Rxc6 27. Rxc6 Rc8 28. Rxc8+ Bxc8 29. Nb3 Bd7 30. Nc5 Bb5 31. a4 Bc4 32. f3 exf3 33. gxf3 Kf8 34. Kf2 Ke7 35. Ke1 Kd6 36. Kd2 Kc6 37. Kc3 a5 38. Nb3 axb4+ 39. Kxb4 Bxb3 40. Kxb3 Kc5 41. Kc3 g5 42. a5 f5 43. a6 Kb6 44. Kd4 g4 45. fxg4 fxg4 46. Kxd5 h5 47. Ke4 h4 48. Kf4 g3 49. Kf3 gxh2 50.
Kg2 Kxa6 51. Kxh2 Kb5 52. Kh3 Kc4 53. Kxh4 Kd3 54. Kg4 Kxe3 1/2-1/2

[Event "Early-Titled-Tuesday-Blitz-March-12-2024"]
[Site "Chess.com"]
[Date "2024.03.12"]
[Round "11"]
[White "mishanick"]
[Black "Oleksandr_Bortnyk"]
[Result "1-0"]
[WhiteElo "3110"]
[BlackElo "3012"]
[TimeControl "180+1"]
[EndTime "10:02:32 PDT"]
[Termination "mishanick won by resignation"]

1. d4 Nf6 2. c4 b6 3. f3 Bb7 4. e4 Nc6 5. Be3 e5 6. d5 Nd4 7.
Ne2 Bc5 8. Nxd4 exd4 9. Bxd4 Nxe4 10. Bxc5 Nxc5 11. Qd4 O-O 12. Nc3 Qg5 13. Kf2 Rae8 14. Rd1 f5 15. h4 Qe7 16. h5 h6 17. g3 f4 18. gxf4 d6 19. b4 Na6 20. a3 c5 21.
dxc6 Bxc6 22. b5 Nc5 23. bxc6 Nb3 24. Nd5 Qe6 25. Qc3 Nc5 26. Re1 Qf5 27. Rxe8 Rxe8 28. Bh3 Qf7 29. c7 1-0

[Event "Early-Titled-Tuesday-Blitz-March-12-2024"]
[Site "Chess.com"]
[Date "2024.03.12"]
[Round "11"]
[White "josephymwale33"]
[Black "ViktoriyaTarasova"]
[Result "1-0"]
[WhiteElo "2495"]
[BlackElo "2320"]
[TimeControl "180+1"]
[EndTime "10:02:36 PDT"]
[Termination "josephymwale33 won by resignation"]

1. e4 e5 2. Nf3 Nc6 3. d4 exd4 4. Bc4 Bc5 5. c3 Nf6 6. cxd4 Bb4+ 7. Bd2 Bxd2+ 8.
Nbxd2 d5 9. exd5 Nxd5 10. O-O O-O 11. Re1 Be6 12. a3 Nce7 13. Ne4 c6 14. Nc5 Bc8 15. Qc2 Qc7 16. Ne5 Bf5 17. Bd3 Bxd3 18. Qxd3 Ng6 19. Nxg6 hxg6 20. Re5 Rad8 21. Rae1 b6 22. Nb3 Qd6 23. Qf3 Qd7 24. h4 Rfe8 25. h5 Rxe5 26.
Rxe5 gxh5 27. Qxh5 Nf6 28. Qe2 a5 29. Re7 Qd5 30.
Qc2 a4 31. Nd2 Qxd4 32. Nf3 Qd1+ 33. Qxd1 Rxd1+ 34. Kh2 Rb1 35. Rc7 c5 36. Ng5 Rxb2 37.
Rc8+ 1-0

[Event "Early-Titled-Tuesday-Blitz-March-12-2024"]
[Site "Chess.com"]
[Date "2024.03.12"]
[Round "11"]
[White "sokidze"]
[Black "Kielinkei"]
[Result "1-0"]
[WhiteElo "2781"]
[BlackElo "2587"]
[TimeControl "180+1"]
[EndTime "10:02:38 PDT"]
[Termination "sokidze won by resignation"]

1. d4 Nf6 2. c4 e6 3. Nc3 Bb4 4. e3 O-O 5. Bd2 c5 6. a3 Bxc3 7. Bxc3 Ne4 8. Ne2 d5 9. cxd5 Qxd5 10. Nf4 Nxc3 11. bxc3 Qd6 12. Bd3 e5 13. Qh5 g6 14.
Qxe5 Qxe5 15. dxe5 Re8 16. Nd5 Na6 17. Nf6+ Kf8 18.
Nxe8 Kxe8 19. Bxa6 bxa6 20. Rb1 Bf5 21. Rb2 Bd3 22. Kd2 c4 23. Rd1 Rd8 24. f3 Rd7 25.
e4 Bxe4+ 26. Ke1 Bd3 27. Kf2 Ke7 28. Rdd2 g5 29. Rb8 Ke6 30. Rdb2 Kxe5 31. R8b7 Rd6 32. Rxf7 Re6 33. Rxa7 Kd5 34. Rab7 h5 35. R7b6 Re7 36. Rxa6 Kc5 37. a4 1-0

[Event "Early-Titled-Tuesday-Blitz-March-12-2024"]
[Site "Chess.com"]
[Date "2024.03.12"]
[Round "11"]
[White "theoneandonlydaaevik"]
[Black "Roman_Ovetchkin"]
[Result "1-0"]
[WhiteElo "2526"]
[BlackElo "2569"]
[TimeControl "180+1"]
[EndTime "10:02:38 PDT"]
[Termination "theoneandonlydaaevik won by resignation"]

1. d4 Nf6 2. c4 c5 3. d5 b5 4. cxb5 a6 5. bxa6 g6 6. Nc3 Bg7 7. e4 O-O 8. Nf3 Qa5 9. Nd2 Bxa6 10. Bxa6 Qxa6 11. Qe2 Qxe2+ 12. Kxe2 Na6 13. e5 Ng4 14. f4 Nh6 15. Nc4 Rfb8 16. b3 Nf5 17. Be3 Nd4+ 18. Bxd4 cxd4 19. Ne4 Nb4 20. d6 exd6 21. Ncxd6 Nxa2 22. Rhb1 Nb4 23. g3 Nc6 24. Rxa8 Rxa8 25. b4 Ra3 26. b5 Ra2+ 27. Kd3 Ra3+ 28. Kc4 Ra4+ 29. Kc5 Nd8 30. b6 Nc6 31. b7 Nb8 32. Kb5 Ra6 33. Rc1 Rc6 34. Ra1 Bf8 35. Ra8 1-0

[Event "Early-Titled-Tuesday-Blitz-March-12-2024"]
[Site "Chess.com"]
[Date "2024.03.12"]
[Round "11"]
[White "Kotofeyca"]
[Black "sorch29"]
[Result "1-0"]
[WhiteElo "2457"]
[BlackElo "2461"]
[TimeControl "180+1"]
[EndTime "10:02:38 PDT"]
[Termination "Kotofeyca won by resignation"]

1. d4 Nf6 2. c4 g6 3. f3 Bg7 4.
e4 d6 5. Nc3 O-O 6. Be3 c5 7.
dxc5 dxc5 8. Qxd8 Rxd8 9. Bxc5 Nc6 10. Nd5 e6 11. Ne7+ Nxe7 12. Bxe7 Rd7 13. Ba3 b6 14.
Rd1 Ba6 15. b3 Rad8 16. Be2 Rxd1+ 17. Bxd1 Nd7 18. Ne2 Ne5 19. Nc1 b5 20. c5 b4 21.
Bxb4 Nd3+ 22. Nxd3 Bxd3 23. Be2 Bc2 24. Ba6 Bd4 25.
Ke2 Bb2 26. c6 1-0

[Event "Early-Titled-Tuesday-Blitz-March-12-2024"]
[Site "Chess.com"]
[Date "2024.03.12"]
[Round "11"]
[White "AlessiaSanteramo"]
[Black "Happy1712Drummer"]
[Result "0-1"]
[WhiteElo "2256"]
[BlackElo "2355"]
[TimeControl "180+1"]
[EndTime "10:02:38 PDT"]
[Termination "Happy1712Drummer won by resignation"]

1. e4 c5 2. Nf3 e6 3. g3 d5 4. exd5 exd5 5. d4 Nc6 6. Bg2 Nf6 7. O-O Be7 8. Nc3 O-O 9. Be3 cxd4 10. Nxd4 Bg4 11. Qd2 Re8 12. h3 Bd7 13. Rad1 Rc8 14. Kh2 Ne5 15. Nxd5 Nxd5 16. Bxd5 Bxh3 17. Bxf7+ Kxf7 18. Kxh3 Qd7+ 19. Kg2 Qd5+ 20. f3 Nc4 21. Qe2 Bc5 22. Nf5 Nxe3+ 23. Nxe3 Qe6 24. Qd3 Qxe3 25. Qxh7 Qe2+ 26. Kh3 Rh8 27. Rd7+ Ke6 28. Rc7 Rxh7+ 0-1

[Event "Early-Titled-Tuesday-Blitz-March-12-2024"]
[Site "Chess.com"]
[Date "2024.03.12"]
[Round "11"]
[White "martinmena"]
[Black "margarita_2703"]
[Result "1-0"]
[WhiteElo "2278"]
[BlackElo "2342"]
[TimeControl "180+1"]
[EndTime "10:02:38 PDT"]
[Termination "martinmena won by resignation"]

1. c4 h6 2. g3 c6 3. Bg2 d5 4.
Nf3 Nf6 5. O-O dxc4 6. a4 Bf5 7.
Nc3 e6 8. Ne5 Qd4 9. Nf3 Qc5 10.
b3 cxb3 11. Qxb3 Qb6 12. Qc4 Nbd7 13. a5 Qc7 14. a6 b6 15. Nd4 Rc8 16. Nxc6 Bc5 17.
Nb5 Qxc6 18. Bxc6 Rxc6 19. Qa4 Rc8 20. Nxa7 Ra8 21. Nb5 O-O 22. a7 Rfc8 23. Ba3 Be4 24. Bxc5 Nxc5 25. Qa3 Nd5 26. Nd6 Rc7 27. d4 1-0

[Event "Early-Titled-Tuesday-Blitz-March-12-2024"]
[Site "Chess.com"]
[Date "2024.03.12"]
[Round "11"]
[White "alexrustemov"]
[Black "GeorgiosSouleidis"]
[Result "1-0"]
[WhiteElo "2853"]
[BlackElo "2683"]
[TimeControl "180+1"]
[EndTime "10:02:39 PDT"]
[Termination "alexrustemov won by resignation"]

1. d4 Nf6 2. c4 g6 3. g3 Bg7 4. Bg2 O-O 5. Nc3 d6 6. Nf3 Nc6 7. h3 e5 8. Be3 Re8 9. O-O Bd7 10. dxe5 dxe5 11. Rc1 h5 12. Qd2 e4 13. Ng5 Bf5 14.
Rfd1 Qc8 15. Nd5 Nh7 16. Kh2 Ne5 17. Nxh7 Kxh7 18. Bg5 c6 19. Nf6+ Bxf6 20. Bxf6 Qe6 21. Qg5 Nd7 22. Bc3 f6 23. Qf4 g5 24. Qc7 Rab8 25. Rd6 Qe7 26. Rcd1 Ne5 27. Qxe7+ Rxe7 28. Rxf6 Bg6 29. Rdd6 Rbe8 30. Bxe5 Rxe5 31. Rxg6 e3 32. f4 gxf4 33. gxf4 R5e7 34. Bf3 1-0

[Event "Early-Titled-Tuesday-Blitz-March-12-2024"]
[Site "Chess.com"]
[Date "2024.03.12"]
[Round "11"]
[White "Sattarov_Bobur"]
[Black "Sam_ChessMood"]
[Result "1-0"]
[WhiteElo "2830"]
[BlackElo "2945"]
[TimeControl "180+1"]
[EndTime "10:02:43 PDT"]
[Termination "Sattarov_Bobur won by checkmate"]

1. e4 c5 2. Nf3 Nc6 3. d4 cxd4 4. Nxd4 Qb6 5. Nb3 Nf6 6. Nc3 e6 7. Be3 Qc7 8. f4 d6 9. Bd3 a6 10. Qf3 Be7 11. O-O O-O 12. g4 Nb4 13. g5 Nd7 14. f5 Ne5 15. Qg3 Re8 16. Bd4 Bf8 17. g6 f6 18.
gxh7+ Kh8 19. Ne2 exf5 20. Nf4 g5 21. Bxe5 dxe5 22. Ng6+ Kxh7 23. exf5 Bh6 24. Nd2 Kg7 25. Ne4 Nxd3 26. cxd3 Kf7 27. Qe3 Bd7 28. h4 Bc6 29. Rac1 Qd7 30. Rxc6 bxc6 31. hxg5 Bxg5 32. Nxg5+ fxg5 33. Qxg5 Qd4+ 34. Kg2 Rg8 35. Qe7# 1-0

[Event "Early-Titled-Tuesday-Blitz-March-12-2024"]
[Site "Chess.com"]
[Date "2024.03.12"]
[Round "11"]
[White "BeardedNM"]
[Black "Bkmzzzzz"]
[Result "1/2-1/2"]
[WhiteElo "2252"]
[BlackElo "2387"]
[TimeControl "180+1"]
[EndTime "10:02:47 PDT"]
[Termination "Game drawn by repetition"]

1. e4 d6 2. d4 Nf6 3. Nc3 e5 4. Nf3 Nbd7 5. Be3 Be7 6. h3 c6 7. a4 O-O 8. g4 a6 9. Bg2 Rb8 10. a5 Qc7 11. O-O b5 12. axb6 Nxb6 13. b3 Nfd7 14. Re1 Bb7 15. Nd2 Rfe8 16. Bf1 Ra8 17. Na4 Bf6 18. Nxb6 Nxb6 19. dxe5 Bxe5 20. Bxb6 Qxb6 21. Nc4 Qc7 22. Nxe5 dxe5 23. Qd2 Red8 24. Qa5 Qxa5 25. Rxa5 f6 26. Rea1 Ra7 27. Bxa6 Bxa6 28.
Rxa6 Rxa6 29. Rxa6 Rc8 30. Kf1 h6 31. Ke2 Kf7 32. Kd3 Ke6 33. Kc4 Kd6 34. b4 Rb8 35. Ra7 Rg8 36. c3 h5 37. gxh5 Rh8 38. Rxg7 Rxh5 39.
Rg6 Ke6 40. Kc5 Rxh3 41. c4 Rc3 42. Rg8 Rc2 43. f3 Rc3 44. Rg3 Kd7 45. Rg7+ Ke6 46. Rg3 Kd7 47. Rg7+ Ke6 48. Rg3 1/2-1/2

[Event "Early-Titled-Tuesday-Blitz-March-12-2024"]
[Site "Chess.com"]
[Date "2024.03.12"]
[Round "11"]
[White "Mikhail_Golubev"]
[Black "Mr_ruthless"]
[Result "0-1"]
[WhiteElo "2669"]
[BlackElo "2503"]
[TimeControl "180+1"]
[EndTime "10:02:48 PDT"]
[Termination "Mr_ruthless won on time"]

1. e4 c5 2. Nf3 Nc6 3. Nc3 g6 4. d4 cxd4 5. Nxd4 Bg7 6. Be3 Nf6 7. Bc4 Qa5 8. O-O O-O 9. Bb3 d6 10. h3 Bd7 11. Qe1 Rac8 12. Rd1 Ne5 13. Nd5 Qd8 14.
Nxf6+ Bxf6 15. Qe2 Nc6 16. Nxc6 Bxc6 17. c3 Qa5 18.
Bd4 Bxd4 19. Rxd4 Bb5 20. c4 Ba6 21. Rc1 Rc5 22. a3 b5 23. Ba2 bxc4 24. Bxc4 Rfc8 25. b4 Qxa3 26. Bxa6 Rxc1+ 27. Kh2 Qa1 28. Bxc8 Qxd4 29. b5 Rxc8 0-1

[Event "Early-Titled-Tuesday-Blitz-March-12-2024"]
[Site "Chess.com"]
[Date "2024.03.12"]
[Round "11"]
[White "David_George21"]
[Black "secrethawk1"]
[Result "1-0"]
[WhiteElo "2319"]
[BlackElo "2438"]
[TimeControl "180+1"]
[EndTime "10:02:48 PDT"]
[Termination "David_George21 won by checkmate"]

1. e4 c6 2. d4 d5 3. e5 Bf5 4. h4 h5 5. Bd3 Bxd3 6. Qxd3 e6 7. Nd2 c5 8. dxc5 Bxc5 9. Ngf3 Nc6 10. c3 a5 11. Nb3 Ba7 12. O-O Nge7 13. Bg5 Qc7 14. Nbd4 Bxd4 15. cxd4 Nf5 16. Rac1 Qb6 17. b3 a4 18.
bxa4 Rxa4 19. Rb1 Qc7 20. Qb5 Rxa2 21. Qxb7 Qxb7 22. Rxb7 O-O 23. Rd1 Ra4 24. Be3 Nb4 25.
Rc1 Nd3 26. Rcc7 Ra1+ 27. Kh2 Nxe3 28. fxe3 Nf2 29. Ng5 Ng4+ 30. Kg3 Re1 31. Rxf7 Rxf7 32. Rxf7 Rxe3+ 33. Rf3 Rxf3+ 34. gxf3 Ne3 35. Nxe6 Nf5+ 36. Kf4 Nxh4 37. Nc7 Ng6+ 38. Kg5 Ne7 39. Kxh5 Nf5 40. Nb5 Kf7 41. Nd6+ Ke6 42. Nxf5 Kxf5 43. f4 g6+ 44. Kh6 Kxf4 45. e6 Ke4 46. e7 Kxd4 47. e8=Q Kd3 48. Qxg6+ Kc3 49. Qg3+ Kc4 50. Qe1 d4 51. Qd1 d3 52.
Kg5 Kc3 53. Kf4 d2 54. Ke3 Kc4 55. Qxd2 Kc5 56. Qd4+ Kc6 57. Ke4 Kc7 58. Qf6 Kb7 59. Qd6 Ka8 60. Qd7 Kb8 61. Kd5 Ka8 62. Kc6 Kb8 63.
Qb7# 1-0

[Event "Early-Titled-Tuesday-Blitz-March-12-2024"]
[Site "Chess.com"]
[Date "2024.03.12"]
[Round "11"]
[White "MikeWizard"]
[Black "pfalcon1949"]
[Result "1-0"]
[WhiteElo "2084"]
[BlackElo "1951"]
[TimeControl "180+1"]
[EndTime "10:02:48 PDT"]
[Termination "MikeWizard won by checkmate"]

1. d4 Nf6 2. c4 c5 3. d5 b5 4.
cxb5 a6 5. e3 g6 6. Nc3 Bg7 7.
a4 O-O 8. Nf3 e6 9. Bc4 Bb7 10.
bxa6 Nxa6 11. e4 exd5 12. exd5 Re8+ 13. Be2 Nb4 14. Bg5 d6 15. O-O Qa5 16. Bc4 Ne4 17. Bf4 Nxc3 18. bxc3 Bxc3 19. Ra3 Rad8 20. Bg5 f6 21.
Rxc3 fxg5 22. Nxg5 Re5 23. f4 Re7 24. Ne6 Rde8 25. Rg3 Ba6 26. Bxa6 Qxa6 27. f5 Qc4 28. fxg6 Qxd5 29. gxh7+ Kh8 30. Qa1+ Qe5 31. Qxe5+ dxe5 32. Nxc5 Kxh7 33. a5 e4 34. Rf4 e3 35. Rh4# 1-0

[Event "Early-Titled-Tuesday-Blitz-March-12-2024"]
[Site "Chess.com"]
[Date "2024.03.12"]
[Round "11"]
[White "Chessdude1987"]
[Black "Chessmissile07"]
[Result "0-1"]
[WhiteElo "2432"]
[BlackElo "2900"]
[TimeControl "180+1"]
[EndTime "10:02:49 PDT"]
[Termination "Chessmissile07 won on time"]

1. e4 a6 2. d4 d6 3. Bd3 g6 4. Nf3 Bg7 5. Nc3 Nf6 6. O-O O-O 7. h3 b5 8. Ne2 Bb7 9. Ng3 Nbd7 10. Be3 c5 11. c3 e5 12. Qd2 Qe7 13. d5 Bxd5 14. exd5 e4 15. Nxe4 Nxe4 16. Bxe4 Qxe4 17. Ng5 Qf5 18. g4 Qf6 19. Ne4 Qe7 20. f3 Ne5 21. Qg2 f5 22. gxf5 Rxf5 23. Rae1 Nxf3+ 24. Rxf3 Qxe4 25. Rxf5 Qxf5 26. Rf1 Qd3 27. Qf3 Rf8 28. Bf4 Qxf3 29.
Rxf3 g5 30. Kg2 Rxf4 31. Re3 Be5 0-1

[Event "Early-Titled-Tuesday-Blitz-March-12-2024"]
[Site "Chess.com"]
[Date "2024.03.12"]
[Round "11"]
[White "scrambleyourbrain"]
[Black "Viktor_Poddubnyi"]
[Result "1-0"]
[WhiteElo "2393"]
[BlackElo "2268"]
[TimeControl "180+1"]
[EndTime "10:02:50 PDT"]
[Termination "scrambleyourbrain won on time"]

1. e4 g6 2. d4 Bg7 3. Nf3 d6 4. Nc3 Nf6 5. Bd3 Nc6 6. O-O Bg4 7. Be3 e5 8. dxe5 Nxe5 9. Be2 Bxf3 10. Bxf3 Nxf3+ 11.
Qxf3 O-O 12. Rad1 Nd7 13. Bd4 Ne5 14. Qe2 Re8 15. f4 Nd7 16. Bxg7 Kxg7 17. f5 Ne5 18. Qe3 f6 19. Nd5 c6 20. Nf4 Qb6 21. Qxb6 axb6 22.
Rxd6 Rxa2 23. fxg6 hxg6 24. Ne6+ Kf7 25. Ng5+ Kg7 26.
Rdxf6 Rxb2 27. Ne6+ Kh7 28. c3 Re2 29. h3 b5 30.
Ng5+ Kg7 31. h4 Re3 32. Ne6+ Kh7 33. Ng5+ Kg7 34. Rd6 Re7 35. Ne6+ Kh7 36. Nf8+ Kg7 37. Ne6+ Kh7 38. Nc5 1-0

[Event "Early-Titled-Tuesday-Blitz-March-12-2024"]
[Site "Chess.com"]
[Date "2024.03.12"]
[Round "11"]
[White "Rainbow2014"]
[Black "Actuary44"]
[Result "0-1"]
[WhiteElo "2424"]
[BlackElo "2514"]
[TimeControl "180+1"]
[EndTime "10:02:57 PDT"]
[Termination "Actuary44 won by resignation"]

1. e4 b6 2. d4 Bb7 3. Nc3 e6 4. Nf3 Nf6 5. Bd3 d5 6. exd5 Nxd5 7. Nxd5 Qxd5 8. O-O Bd6 9. Re1 Qh5 10. Be4 Bxe4 11. Rxe4 O-O 12. Bf4 f5 13. Bxd6 fxe4 14. Bxf8 exf3 15.
Ba3 Nc6 16. c3 e5 17. d5 Rd8 18. Qxf3 Qxf3 19. gxf3 Rxd5 20. Re1 Kf7 21. Re4 Rd1+ 22. Kg2 Ra1 23. Rc4 Nd8 24. Rxc7+ Kg6 25. Rxa7 Ne6 26. f4 Nxf4+ 27. Kf3 Rxa2 28. Ke4 Ra1 29. Ra6 Re1+ 30.
Kf3 Nd5 31. Bc5 e4+ 32. Kg2 Kf5 33. Be3 Re2 34. Kf1 Rxb2 35. c4 Nxe3+ 36. fxe3 Kg4 37.
Ra7 Kf3 38. Rf7+ Kxe3 39. Rxg7 Rxh2 40. Kg1 Rc2 41. Rxh7 Rxc4 42. Rb7 Rb4 43. Kg2 Rb2+ 44. Kg3 b5 0-1

[Event "Early-Titled-Tuesday-Blitz-March-12-2024"]
[Site "Chess.com"]
[Date "2024.03.12"]
[Round "11"]
[White "vovachesss"]
[Black "Dyadya81"]
[Result "1/2-1/2"]
[WhiteElo "2807"]
[BlackElo "2925"]
[TimeControl "180+1"]
[EndTime "10:02:58 PDT"]
[Termination "Game drawn by repetition"]

1. e4 c6 2. d4 d5 3. Nc3 dxe4 4.
Nge2 Nf6 5. Ng3 Nbd7 6. Bc4 e6 7. O-O Be7 8. Qe2 b6 9. Ncxe4 Bb7 10. Ng5 Nd5 11.
Qh5 Bxg5 12. Bxg5 N7f6 13. Qh4 h6 14. Nh5 hxg5 15. Nxf6+ Qxf6 16. Qxh8+ Ke7 17. Qh3 Qxd4 18. Bxd5 cxd5 19. Qg3 Kf6 20. Rad1 Qf4 21. Qc3+ Kg6 22. Rd4 Qf5 23. Qc7 Ba6 24. Re1 Rc8 25. Qxa7 Rxc2 26. f3 Bb5 27. Qxb6 Rxb2 28. Rg4 Qc2 29. Qe3 f6 30. a4 Bc4 31. Qxe6 Qf2+ 32. Kh1 Re2 33. Rxg5+ Kxg5 34. Qg4+ Kh6 35. Qh3+ Kg6 36. Qg4+ Kh7 37.
Qh3+ Kg8 38. Qc8+ Kf7 39. Qd7+ Kg6 40. Qg4+ Kf7 41. Qd7+ Kg8 42. Qc8+ Kh7 43. Qh3+ Kg6 44. Qg4+ 1/2-1/2

[Event "Early-Titled-Tuesday-Blitz-March-12-2024"]
[Site "Chess.com"]
[Date "2024.03.12"]
[Round "11"]
[White "Seochesspie"]
[Black "Abund"]
[Result "0-1"]
[WhiteElo "2859"]
[BlackElo "2807"]
[TimeControl "180+1"]
[EndTime "10:02:59 PDT"]
[Termination "Abund won by resignation"]

1. c4 e6 2. g3 d5 3. Bg2 Nf6 4. Nf3 dxc4 5. Qa4+ Bd7 6. Qxc4 c5 7. Ne5 Qc8 8. Qd3 Nc6 9. Nxd7 Nxd7 10. O-O Be7 11. Nc3 O-O 12. b3 Nf6 13. Bb2 Rd8 14. Qc2 Qd7 15.
Rad1 Rac8 16. Ne4 Nd4 17. Qd3 Nd5 18. e3 Nb4 19. Qb1 Nf5 20. a3 Nd3 21. Ba1 b5 22. Nc3 c4 23. bxc4 bxc4 24. a4 Rb8 25. Qc2 h6 26.
Nb5 a6 27. Nd4 Nxd4 28. Bxd4 Rb4 29. a5 Bc5 30. Bc3 Rb5 31. Ra1 Bb4 32. Ra4 Bxc3 33.
Qxc3 Nb2 34. Rb4 Rxb4 35. Qxb4 Qxd2 36. Qb6 c3 37. Qxa6 c2 38. Qc6 Nd1 0-1

[Event "Early-Titled-Tuesday-Blitz-March-12-2024"]
[Site "Chess.com"]
[Date "2024.03.12"]
[Round "11"]
[White "Korchmar_Vasiliy"]
[Black "crazyluzhinTh3"]
[Result "1-0"]
[WhiteElo "2709"]
[BlackElo "2573"]
[TimeControl "180+1"]
[EndTime "10:02:59 PDT"]
[Termination "Korchmar_Vasiliy won on time"]

1. h4 d5 2. h5 h6 3. a4 Nf6 4. a5 Bf5 5. g3 e6 6. Bg2 a6 7. b3 c5 8. Bb2 Nc6 9. Nf3 Be7 10. d3 Bd6 11. Nbd2 Nxa5 12. e4 dxe4 13. dxe4 Nxe4 14. Bxg7 Rg8 15. Nxe4 Bxe4 16. Bxh6 Nc6 17. Be3 Qc7 18. Qe2 O-O-O 19. O-O f5 20. Ng5 Bxg2 21. Kxg2 Qe7 22. f4 e5 23. Rae1 Rde8 24. Qd3 e4 25. Qd5 Rgf8 26. h6 Nb4 27. Qc4 Rh8 28. Rh1 Kb8 29. h7 Rc8 30. Rd1 Nc6 31. Qf7 Nd4 32. Qxe7 Bxe7 33. Nf7 Rhf8 34. h8=Q Rxf7 35. Qe5+ Ka7 36.
c3 Bf6 37. Qd5 1-0

[Event "Early-Titled-Tuesday-Blitz-March-12-2024"]
[Site "Chess.com"]
[Date "2024.03.12"]
[Round "11"]
[White "eightbyeightchess"]
[Black "QuintilianoR"]
[Result "1-0"]
[WhiteElo "2430"]
[BlackElo "2671"]
[TimeControl "180+1"]
[EndTime "10:03:05 PDT"]
[Termination "eightbyeightchess won by resignation"]

1. e4 e6 2. d4 d5 3. e5 c5 4.
c3 Nc6 5. Nf3 Qb6 6. Bd3 cxd4 7.
O-O Bd7 8. a3 Nh6 9. b4 Nf5 10.
Bb2 dxc3 11. Nxc3 Nfd4 12. Nxd4 Nxd4 13. Nxd5 exd5 14. Bxd4 Qxd4 15. e6 Bd6 16. exd7+ Kf8 17. Rc1 g6 18. Rc8+ Kg7 19. Rxa8 Rxa8 20. Qf3 Rd8 21. Rd1 Qe5 22. g3 Rxd7 23. Bb5 Re7 24. Rxd5 Qa1+ 25. Kg2 Be5 26. Rd7 Rxd7 27. Bxd7 b6 28. Be8 f5 29. Qd5 Qb2 30. h4 Kh6 31. Qf7 Bd4 32. Qf8+ Kh5 33. Qxf5+ Kh6 34. Qf8+ Kh5 35.
Bc6 1-0

[Event "Early-Titled-Tuesday-Blitz-March-12-2024"]
[Site "Chess.com"]
[Date "2024.03.12"]
[Round "11"]
[White "jumpingknight20"]
[Black "Bilan_Danila"]
[Result "1-0"]
[WhiteElo "2685"]
[BlackElo "2561"]
[TimeControl "180+1"]
[EndTime "10:03:07 PDT"]
[Termination "jumpingknight20 won on time"]

1. Nf3 d5 2. b3 Nf6 3. Bb2 c5 4. e3 Nc6 5. Bb5 Qb6 6. Bxc6+ Qxc6 7. Ne5 Qc7 8. d4 g6 9. O-O Bg7 10. Nd2 O-O 11. Rc1 cxd4 12. exd4 Bf5 13. c4 dxc4 14. Ndxc4 Nd5 15. Qf3 Qd8 16. Rfe1 Rc8 17. h3 Bh6 18. Rcd1 b5 19. Ne3 Nxe3 20. fxe3 Rc2 21. e4 Rxb2 22. exf5 Rxa2 23. Nc6 Qd6 24. Nxe7+ Kh8 25. Nc6 Bg7 26. Ne5 Kg8 27. Kh1 a5 28. Ng4 gxf5 29. Qxf5 Qg6 30. Qxb5 h5 31. Ne3 Re8 32. Qxe8+ 1-0